Map: Traitor's Exile

Players

LOADBLASTER - Winner!

  • Race: Terran Terran
  • League: Master
  • Spawn Location: 12:00

PureLegacy - Winner!

  • Race: Terran Terran
  • Spawn Location: 9:00

Target

  • Race: Zerg Zerg
  • League: Master
  • Spawn Location: 5:00

KoB

  • Race: Protoss Protoss
  • Spawn Location: 6:00

VOD

Have the link to the VOD?

Description

Time

  • Played on: Nov. 26, 2018, 1:47 p.m.
  • Length: 6:20
Show
View Real Time Build Order
Export as new Build Order

LOADBLASTER Terran - Winner!

Build Orders:  

Get SALT Encoding   

  12  0:01  SCV  
  13  0:13  SCV  
  14  0:18  Supply Depot  
  14  0:25  SCV  
  15  0:32  Refinery  
  15  0:40  SCV  
  16  0:45  Barracks  
  16  0:52  SCV  
  17  0:59  Refinery  
  17  1:04  SCV  
  18  1:16  SCV  
  19  1:35  Reaper, Orbital Command  
  20  1:40  Factory  
  20  1:50  Supply Depot  
  21  2:01  SCV  
  21  2:07  Reaper  
  22  2:13  SCV  
  23  2:24  Hellion  
  23  2:25  SCV  
  26  2:33  Command Center  
  26  2:38  SCV  
  27  2:44  Barracks Reactor  
  27  2:50  Factory Tech Lab  
  27  2:52  Starport  
  27  2:56  SCV  
  27  3:02  Supply Depot  
  27  3:12  SCV  
  28  3:20  Siege Tank  
  28  3:24  Marine x2  
  28  3:26  SCV  
  33  3:30  Viking  
  35  3:39  SCV  
  36  3:41  Marine x2  
  38  3:52  Supply Depot  
  37  3:59  Marine, SCV  
  37  4:01  Siege Tank  
  42  4:04  Orbital Command  
  42  4:13  Viking  
  42  4:15  Marine  
  45  4:17  SCV  
  45  4:22  Marine  
  47  4:29  SCV  
  47  4:30  Bunker  
  48  4:32  SCV  
  48  4:35  Siege Tank  
  52  4:38  Marine  
  52  4:41  SCV  
  52  4:45  Supply Depot, SCV  
  55  4:49  Medivac  
  55  4:52  Marine  
  58  4:53  SCV  
  58  4:57  SCV  
  60  5:06  SCV  
  61  5:07  Supply Depot  
  61  5:08  Marine, Siege Tank  
  61  5:09  SCV  
  61  5:10  Marine  
  61  5:12  Liberator  
  67  5:18  SCV  
  68  5:21  SCV  
  68  5:26  Marine  
  70  5:29  Marine  
  74  5:36  Command Center  
  74  5:39  SCV  
  75  5:47  Refinery  
  75  5:48  Refinery  
  75  5:50  Supply Depot, SCV  
  75  5:51  SCV  
  77  6:01  Marine  
  78  6:16  Supply Depot  
  78  6:17  Factory  
  84  6:19  Supply Depot  
Show
View Real Time Build Order
Export as new Build Order

PureLegacy Terran - Winner!

Build Orders:  

Get SALT Encoding   

  12  0:01  SCV  
  13  0:13  SCV  
  14  0:19  Supply Depot  
  14  0:27  SCV  
  15  0:31  Refinery  
  15  0:41  SCV  
  16  0:50  Barracks  
  16  0:55  SCV  
  17  1:04  Barracks  
  17  1:21  Barracks  
  17  1:22  SCV  
  18  1:37  Reaper  
  19  1:41  Orbital Command  
  19  1:51  Refinery  
  19  1:53  Reaper  
  20  2:03  Supply Depot  
  20  2:08  Reaper  
  20  2:12  Reaper  
  22  2:19  SCV  
  23  2:28  Reaper  
  24  2:30  Supply Depot  
  24  2:37  SCV  
  24  2:40  Reaper  
  26  2:48  Reaper  
  26  2:50  SCV  
  28  3:04  Reaper  
  29  3:06  SCV  
  29  3:11  Command Center  
  29  3:27  Engineering Bay  
  29  3:30  Barracks Tech Lab  
  29  3:32  SCV  
  29  3:33  Barracks Reactor  
  30  3:39  Barracks Reactor  
  30  3:45  SCV  
  31  3:49  Marine, Stimpack  
  31  3:53  Missile Turret  
  32  3:58  SCV  
  33  4:11  Marine x3  
  34  4:21  Marine x2  
  34  4:28  SCV  
  34  4:30  Factory  
  36  4:32  Orbital Command  
  35  4:39  Marine x3  
  35  4:44  SCV  
  39  4:56  Marine x2  
  39  4:57  Marine  
  39  4:58  SCV  
  43  5:02  Marine  
  43  5:03  Marine  
  43  5:07  SCV  
  46  5:10  SCV  
  46  5:21  Marine x3  
  44  5:23  Marine x2  
  44  5:24  Factory Reactor, Starport  
  44  5:25  SCV  
  44  5:27  SCV  
  50  5:37  SCV  
  50  5:38  Supply Depot  
  50  5:39  SCV  
  52  5:44  Missile Turret  
  52  5:49  SCV  
  53  5:51  SCV  
Show
View Real Time Build Order
Export as new Build Order

Target Zerg 

Build Orders: Pool First 

Get SALT Encoding   

  12  0:01  Drone  
  13  0:10  Drone  
  14  0:15  Extractor  
  14  0:16  Drone  
  14  0:32  Spawning Pool  
  13  0:37  Drone  
  14  0:45  Overlord  
  14  0:59  Drone, Extractor  
  15  1:19  Queen  
  15  1:20  Zergling x2  
  15  1:21  Zergling x4  
  20  1:28  Metabolic Boost  
  20  1:36  Drone  
  21  1:44  Overlord  
  21  2:02  Hatchery  
  21  2:07  Drone  
  21  2:08  Zergling x2  
  22  2:19  Queen  
  24  2:24  Zergling x2  
  24  2:26  Drone  
  26  2:58  Drone x2, Hatchery  
  27  2:59  Drone  
  27  3:04  Zergling x2  
  26  3:19  Zergling x4  
  26  3:26  Queen  
  28  3:27  Zergling x2  
  28  3:28  Zergling x2  
  30  3:41  Drone x2  
  32  3:46  Drone x2, Roach Warren  
  33  3:54  Overlord  
  33  4:15  Drone x2  
  33  4:16  Drone  
  36  4:17  Drone x3  
  39  4:26  Drone x3  
  39  4:27  Drone x2  
  44  4:31  Extractor  
  43  4:42  Overlord  
  43  4:43  Drone x2  
  43  4:44  Drone x2  
  47  4:49  Lair  
  47  4:56  Overlord, Evolution Chamber  
  46  5:11  Drone x4  
  52  5:14  Drone x5  
  52  5:19  Drone  
  52  5:20  Drone x2  
  58  5:23  Overlord  
  58  5:32  Extractor  
  58  5:33  Overlord x2, Extractor  
  58  5:34  Drone  
  57  5:43  Drone  
  57  5:44  Drone x4  
  60  5:50  Infestation Pit  
  60  5:52  Zergling x4  
  60  5:57  Roach x2  
  63  5:59  Roach  
Show
View Real Time Build Order
Export as new Build Order

KoB Protoss 

Build Orders: Oracle Opening 

Get SALT Encoding   

  12  0:00  Probe  
  13  0:12  Probe  
  14  0:20  Pylon  
  14  0:25  Probe  
  15  0:35  Probe  
  15  0:39  Gateway  
  16  0:43  Probe  
  16  0:49  Assimilator  
  17  0:52  Probe  
  18  1:04  Gateway  
  18  1:07  Probe  
  19  1:14  Assimilator  
  19  1:20  Probe  
  20  1:28  Cybernetics Core  
  20  1:32  Probe  
  21  1:39  Pylon  
  21  1:45  Probe  
  22  1:54  Stalker  
  22  1:55  Stalker  
  22  2:06  Warp Gate  
  26  2:24  Adept x2  
  26  2:26  Pylon  
  30  2:52  Stargate  
  30  2:58  Gateway, Sentry  
  32  3:01  Adept  
  33  3:28  Probe  
  33  3:31  Oracle  
  33  3:33  Pylon  
  34  3:40  Probe  
  38  3:58  Pylon  
  38  4:24  Adept x3  
  44  4:32  Probe  
  44  4:35  Nexus  
  45  4:42  Pylon  
  45  4:44  Probe  
  46  4:56  Probe  
  47  5:00  Stalker  
  46  5:08  Probe  
  43  5:20  Probe  
  44  5:29  Shield Battery  
  44  5:30  Twilight Council  
  44  5:32  Probe  
  45  5:42  Probe  
  45  5:44  Probe  
  47  5:50  Probe  
  47  5:52  Adept x2  
Tags
 
Add a new tag
Caveats
  • Supply blocks, unpowered buildings, or Contaminate may cause inaccurate times.
  • Supply counts are checked every 10 seconds.